[Event "January 9 Early 2024"]
[Site "https://www.chess.com"]
[Date "2024.01.11"]
[Round "8"]
[White "Bardyk, Artem"]
[Black "Chigaev, Maksim"]
[Result "0-1"]
[Board "219"]
[TimeControl "180+1"]
[WhiteFideId "34349979"]
[BlackFideId "4108116"]
[WhiteElo "2773"]
[BlackElo "2968"]
[WhiteTeam "RUS"]
[BlackTeam "ESP"]
[WhiteClock "0:00:03"]
[BlackClock "0:00:05"]

1. e4 e5 2. Nf3 Nc6 3. Bc4 Nf6 4. d3 Bc5 5. Nc3 d6 6. Bg5 h6 7. Bxf6 Qxf6 8. Nd5 Qd8 9. c3 a6 10. d4 Ba7 11. dxe5 dxe5 12. Qe2 O-O 13. O-O-O Be6 14. Nb6 Nd4 15. Nxd4 Bxc4 16. Qxc4 Qg5+ 17. Kb1 Bxb6 18. Nf3 Qf4 19. Rd5 Rad8 20. Rhd1 Rxd5 21. Rxd5 Qg4 22. Nxe5 Qxg2 23. Nd7 Re8 24. a4 Qxe4+ 25. Qxe4 Rxe4 26. Nxb6 cxb6 27. b4 Re2 28. Rd8+ Kh7 29. Rd7 Rxf2 30. Rxb7 g5 31. b5 axb5 32. axb5 Rf6 33. Kc2 h5 34. Rd7 g4 35. Kd3 Kg6 36. Ke3 h4 37. Rd4 Rf3+ 38. Ke2 f5 39. Rd6+ Kg5 40. Rxb6 Rxc3 41. Kf2 Kf4 42. Rc6 Rb3 43. Rc4+ Kg5 44. Rc5 Rb2+ 45. Kg1 h3 46. Rd5 Rb3 47. Rc5 Kf4 48. Kf2 Rb2+ 49. Kg1 Ke4 50. Rc4+ Kf3 51. Rc3+ Ke2 52. Rc1 Rxb5 53. Rf1 Ke3 54. Re1+ Kf4 55. Rf1+ Kg5 56. Ra1 Re5 57. Ra8 Re2 58. Rb8 Kf4 59. Ra8 Rg2+ 60. Kh1 Rd2 61. Kg1 Ke3 62. Ra3+ Rd3 63. Ra8 Rd1# 0-1

[Event "January 9 Early 2024"]
[Site "https://www.chess.com"]
[Date "2024.01.11"]
[Round "8"]
[White "Koshulyan, Egor A."]
[Black "Berezin, Viktor"]
[Result "0-1"]
[Board "220"]
[TimeControl "180+1"]
[WhiteFideId "24237000"]
[BlackFideId "14107872"]
[WhiteElo "2659"]
[BlackElo "2527"]
[WhiteTeam "RUS"]
[BlackTeam "UKR"]
[WhiteClock "0:00:07"]
[BlackClock "0:00:18"]

1. e4 g6 2. d4 Bg7 3. Nc3 d6 4. f4 Nf6 5. Nf3 O-O 6. e5 Ne8 7. Bc4 c5 8. dxc5 Qc7 9. Be3 a6 10. Nd5 Qa5+ 11. b4 Qd8 12. O-O Nc6 13. cxd6 exd6 14. Bb6 Qd7 15. Qe2 dxe5 16. fxe5 Qg4 17. h3 Qh5 18. Rfe1 Be6 19. Rad1 Kh8 20. a3 Bxd5 21. Bxd5 Rc8 22. c4 Nc7 23. Bxc6 bxc6 24. Nd4 Qh4 25. Bc5 Rfe8 26. Bd6 Ne6 27. Nxe6 Rxe6 28. c5 Rce8 29. Qxa6 Bxe5 30. Bxe5+ Rxe5 31. Rxe5 Rxe5 32. Qxc6 Rf5 33. Qe8+ Kg7 34. Qe3 Qh5 35. Qd4+ Kg8 36. Re1 f6 37. Re8+ Kg7 38. Re7+ Kh6 39. Qd2+ g5 40. Re1 Qh4 41. c6 Qc4 42. Rc1 Qe4 43. c7 Rd5 44. Qf2 Rf5 45. Qxf5 Qe3+ 46. Kh1 Qxc1+ 47. Kh2 Qxc7+ 48. Kg1 Qc1+ 49. Kh2 Qc7+ 50. g3 Kg7 51. Qf2 Qc3 52. Qa2 h5 53. b5 h4 54. gxh4 Qe5+ 55. Kh1 Qe4+ 56. Kh2 Qe5+ 57. Kg1 Qc5+ 58. Kg2 Qxb5 59. hxg5 Qxg5+ 60. Kh2 Qf4+ 61. Kg1 Qe3+ 62. Kh1 Qe1+ 63. Kh2 Qe5+ 64. Kg1 Qe1+ 65. Kg2 Qe4+ 66. Kg3 Qe3+ 67. Kh2 Qe5+ 68. Kg1 Qe1+ 69. Kg2 Qe4+ 70. Kf1 Qh1+ 71. Kf2 Qh2+ 72. Ke3 Qxa2 0-1

[Event "January 9 Early 2024"]
[Site "https://www.chess.com"]
[Date "2024.01.11"]
[Round "8"]
[White "Dominguez Perez, Leinier"]
[Black "Aronian, Levon"]
[Result "1/2-1/2"]
[Board "221"]
[TimeControl "180+1"]
[WhiteFideId "3503240"]
[BlackFideId "13300474"]
[WhiteElo "2978"]
[BlackElo "3093"]
[WhiteTeam "USA"]
[BlackTeam "USA"]
[WhiteClock "0:00:04"]
[BlackClock "0:00:09"]

1. e4 c5 2. Nf3 e6 3. d4 cxd4 4. Nxd4 Nc6 5. Nc3 Qc7 6. Be2 Nf6 7. Ndb5 Qb8 8. f4 a6 9. e5 axb5 10. exf6 b4 11. fxg7 Bxg7 12. Nb5 d5 13. O-O O-O 14. Bd3 f5 15. c3 bxc3 16. bxc3 Bd7 17. Be3 Rf7 18. Qe2 Qf8 19. Rab1 Bf6 20. Nd4 Nxd4 21. Bxd4 Bxd4+ 22. cxd4 Qg7 23. Rb4 Qf6 24. Kh1 Bc6 25. Rf3 Kh8 26. Re3 Re8 27. Re5 Qh6 28. Qe3 Rf6 29. Bb5 Rg8 30. Bxc6 bxc6 31. Rb2 Qh5 32. Re2 Rh6 33. h3 Rgg6 34. Kh2 Qh4 35. Rc2 Rg8 36. Qf2 Qxf2 37. Rxf2 Ra8 38. Rfe2 Kg7 39. Rxe6 Rxe6 40. Rxe6 Rxa2 41. Rxc6 Ra4 42. g4 Rxd4 43. Kg3 Rd3+ 44. Kh4 fxg4 45. hxg4 h6 46. f5 Rd1 47. Kg3 Rd3+ 48. Kf4 Rd4+ 49. Kg3 Rd3+ 50. Kh4 Rd1 51. Rg6+ Kh7 52. Rd6 Kg7 53. Kg3 Rd3+ 54. Kf4 Rd4+ 55. Kf3 Rd3+ 56. Kf4 Rd4+ 57. Ke5 Re4+ 58. Kxd5 Rxg4 59. Ke5 h5 60. Rd7+ Kh6 61. f6 Rg1 62. Rd8 Re1+ 63. Kf5 Rf1+ 64. Ke6 h4 65. f7 Kh5 66. f8=Q Rxf8 67. Rxf8 Kg4 68. Ke5 h3 69. Ke4 Kg3 70. Rg8+ Kf2 71. Rh8 Kg2 72. Ke3 h2 73. Rg8+ Kf1 74. Rh8 Kg2 75. Rxh2+ Kxh2 1/2-1/2

[Event "January 9 Early 2024"]
[Site "https://www.chess.com"]
[Date "2024.01.11"]
[Round "8"]
[White "Murzin, Volodar"]
[Black "Ozer, Omer Faruk"]
[Result "1-0"]
[Board "222"]
[TimeControl "180+1"]
[WhiteFideId "44155573"]
[BlackFideId "6354564"]
[WhiteElo "2949"]
[BlackElo "2754"]
[WhiteTeam "FID"]
[BlackTeam "TUR"]
[WhiteClock "0:00:09"]
[BlackClock "0:00:01"]

1. d4 Nf6 2. Nf3 e6 3. Bf4 g6 4. Nbd2 Bg7 5. e4 d6 6. c3 O-O 7. Be2 b6 8. O-O Bb7 9. Qc2 Nbd7 10. a4 a6 11. h3 Qe7 12. Rfe1 e5 13. Bh2 Nh5 14. Bc4 Bh6 15. Bd5 c6 16. Ba2 Bf4 17. Nc4 Ra7 18. dxe5 Nxe5 19. Nfxe5 dxe5 20. Nxb6 Kg7 21. Rad1 Bc8 22. Nxc8 Rxc8 23. a5 Rb7 24. Bc4 Ra8 25. b4 Rc7 26. g3 Bh6 27. Qd3 c5 28. Bd5 Rb8 29. Qxa6 cxb4 30. cxb4 Rxb4 31. Qd3 Rb2 32. Re2 Qb4 33. a6 Rc3 34. Rxb2 Qxb2 35. Qb1 Qe2 36. a7 Be3 37. Rf1 Bxa7 38. Qb7 Nxg3 39. Qxf7+ Kh6 40. Qf8+ Kh5 41. Ra1 Rf3 42. Qxf3+ Qxf3 43. Rxa7 Ne2+ 44. Kf1 Nf4 45. Rxh7+ Kg5 46. Bxf4+ Qxf4 47. Kg2 Qd2 48. Rf7 Qd4 49. Rf3 Kh6 50. Rg3 g5 51. Rg4 Qd2 52. Be6 Qd4 53. Bf5 Qd2 54. Rg3 Qf4 55. Rb3 Qd2 56. Rb6+ Kh5 57. Rb7 g4 58. Rh7+ Kg5 59. Rg7+ Kf6 60. Rg6+ Kf7 61. Rxg4 Qd1 62. h4 Kf6 63. h5 Qd2 64. Rg6+ Kf7 65. h6 Qf4 66. h7 Qh4 67. Rg8 1-0

[Event "January 9 Early 2024"]
[Site "https://www.chess.com"]
[Date "2024.01.11"]
[Round "8"]
[White "Kanyamarala, Trisha"]
[Black "Srihari L R"]
[Result "1/2-1/2"]
[Board "223"]
[TimeControl "180+1"]
[WhiteFideId "45004722"]
[BlackFideId "46617116"]
[WhiteElo "2522"]
[BlackElo "2671"]
[WhiteTeam "IRL"]
[BlackTeam "IND"]
[WhiteClock "0:00:05"]
[BlackClock "0:00:07"]

1. c4 e5 2. Nc3 g6 3. g3 Bg7 4. Bg2 Ne7 5. Nf3 O-O 6. O-O c6 7. d4 d6 8. e4 a5 9. Bg5 h6 10. Be3 Kh7 11. dxe5 dxe5 12. Bc5 Qxd1 13. Raxd1 Re8 14. Bd6 Ng8 15. Ne1 Na6 16. Nc2 Be6 17. Ne3 Ne7 18. f4 exf4 19. gxf4 Nc8 20. Ba3 Nb4 21. f5 Bxf5 22. exf5 Rxe3 23. fxg6+ fxg6 24. Rd7 Re7 25. Rf7 Rxf7 26. Rxf7 Nd6 27. Rd7 Nxc4 28. Ne4 b5 29. Nf6+ Kh8 30. Ng4 h5 31. Nf2 Bxb2 32. Bxb2+ Nxb2 33. Ne4 Rf8 34. Ng5 N2d3 35. Nf7+ Rxf7 36. Rxf7 Ne5 37. Rc7 Nxa2 38. Bxc6 b4 39. Bd5 Nc3 40. Be6 a4 41. Kf2 a3 42. Ke3 a2 43. Ra7 Nc6 44. Ra8+ Kg7 45. Bxa2 Kf6 46. Bb3 Ne7 47. Ra6+ Kg5 48. Ra7 Nf5+ 49. Kd3 Kg4 50. Ra6 Nh4 51. Be6+ Kf3 52. Bd7 Kg2 53. Rf6 Kxh2 54. Rf4 g5 55. Rxb4 Nd5 56. Rb2+ Kg3 57. Bc6 Nf4+ 58. Ke4 Nf3 59. Rb3 g4 60. Kf5 h4 61. Bxf3 gxf3 62. Ke4 h3 63. Rxf3+ Kg2 64. Rxf4 h2 65. Rg4+ Kf2 66. Rh4 Kg2 67. Rxh2+ Kxh2 1/2-1/2

[Event "January 9 Early 2024"]
[Site "https://www.chess.com"]
[Date "2024.01.11"]
[Round "8"]
[White "Santeramo, Alessia Carmen"]
[Black "Nikologorsky, Matfei"]
[Result "1-0"]
[Board "224"]
[TimeControl "180+1"]
[WhiteFideId "850810"]
[BlackFideId "24102474"]
[WhiteElo "2329"]
[BlackElo "2453"]
[WhiteTeam "ITA"]
[BlackTeam "FID"]
[WhiteClock "0:00:14"]
[BlackClock "0:00:25"]

1. e4 c5 2. Nf3 e6 3. b3 Nf6 4. e5 Nd5 5. c4 Nc7 6. d4 cxd4 7. Qxd4 Nc6 8. Qe4 d5 9. exd6 Bxd6 10. Bd3 Nb4 11. Nc3 Nxd3+ 12. Qxd3 b6 13. Bb2 Bb7 14. O-O-O Bf4+ 15. Kb1 Qxd3+ 16. Rxd3 Na6 17. Re1 Nc5 18. Rd4 Bxf3 19. gxf3 Bxh2 20. f4 O-O 21. Rh1 e5 22. fxe5 Bxe5 23. Rdh4 h6 24. Nd5 Bxb2 25. Kxb2 Rad8 26. Kc3 Rfe8 27. Rg4 Kh7 28. Rhg1 Ne4+ 29. Kb2 g5 30. Rxe4 Rxe4 31. Nf6+ Kg6 32. Nxe4 f5 33. Nc3 Rd2+ 34. Ka3 Rxf2 35. Nd5 f4 36. Re1 g4 37. Re4 Kg5 38. Re5+ Kh4 39. Re4 Kg3 40. Re6 h5 41. Rg6 Re2 42. Nf6 f3 43. Nxh5+ Kh3 44. Nf6 g3 45. Rh6+ Kg2 46. Rg6 f2 47. Nh5 Re4 48. Rxg3+ Kh2 49. Rf3 Kg2 50. Rf7 Re3 51. Nf4+ Kg3 52. Nd5 Rf3 53. Rg7+ Kh2 54. Rh7+ Kg2 55. Rg7+ Rg3 56. Rxg3+ Kxg3 57. Ne3 Kf3 58. Nf1 Ke2 59. Nh2 Ke3 60. Kb4 Kd4 61. Nf1 Kd3 62. a4 Ke2 63. Nh2 Kd3 64. Nf1 Kd4 65. a5 Kd3 66. axb6 axb6 67. Kb5 Kc3 68. Kxb6 Kxb3 69. c5 Kc3 70. c6 Kd3 71. c7 Ke2 72. Nh2 Ke3 73. c8=Q Kf4 74. Qc2 Kg3 75. Qe2 Kg2 76. Qf1+ Kg3 77. Kc5 Kxh2 78. Qxf2+ Kh1 79. Qe2 Kg1 80. Kd4 Kh1 81. Ke4 Kg1 82. Kf3 Kh1 83. Kg3 Kg1 84. Qg2# 1-0

[Event "January 9 Early 2024"]
[Site "https://www.chess.com"]
[Date "2024.01.11"]
[Round "8"]
[White "Lysyj, Igor"]
[Black "Cristobal, Manuel"]
[Result "1-0"]
[Board "225"]
[TimeControl "180+1"]
[WhiteFideId "4150120"]
[BlackFideId "112879"]
[WhiteElo "2852"]
[BlackElo "2703"]
[WhiteTeam "FID"]
[BlackTeam "ARG"]
[WhiteClock "0:00:16"]
[BlackClock "0:00:03"]

1. d4 Nc6 2. Nf3 d5 3. c4 Bg4 4. Bg5 f6 5. Nc3 fxg5 6. cxd5 Nb8 7. Ne5 Bd7 8. Qb3 Qc8 9. g3 Nf6 10. Bg2 a5 11. O-O a4 12. Qc2 Na6 13. a3 g6 14. Nxa4 Bg7 15. Qb3 O-O 16. Nxd7 Qxd7 17. d6+ e6 18. dxc7 Nxc7 19. Nb6 Qb5 20. Qxb5 Nxb5 21. Nxa8 Rxa8 22. e3 Nd6 23. Rac1 Ra6 24. Rc2 Nd5 25. Rfc1 Kf7 26. Rc5 Ne7 27. Rc7 Rb6 28. R1c2 Ne8 29. Rxb7 Rxb7 30. Bxb7 Nd6 31. Bf3 e5 32. dxe5 Bxe5 33. a4 h5 34. a5 g4 35. Bg2 Nb5 36. a6 Na7 37. b4 Ke6 38. Bf1 Kd7 39. b5 Bc7 40. Bd3 Bb6 41. Rb2 Kd6 42. Rb4 Kc5 43. Re4 Nf5 44. Re6 Nxb5 45. Bxb5 Kxb5 46. Rxg6 Kxa6 47. Rg5 Ne7 48. Rxh5 Kb7 49. Rg5 Kc7 50. Rxg4 Bc5 51. Rc4 Kd6 52. Kg2 Kd5 53. Rc2 Bd6 54. h4 Ke6 55. Ra2 Nf5 56. Ra5 Bc7 57. Rb5 Nd6 58. Rb3 Bd8 59. h5 Nf5 60. g4 Nh6 61. Kg3 Bc7+ 62. f4 Nf7 63. Ra3 Bd6 64. Ra6 Ke7 65. Kf3 Nd8 66. g5 Ne6 67. h6 Nf8 68. Ra7+ Ke6 69. h7 Ng6 70. Kg4 Be7 71. f5+ 1-0

[Event "January 9 Early 2024"]
[Site "https://www.chess.com"]
[Date "2024.01.11"]
[Round "8"]
[White "Cruz, William Ferreira Da"]
[Black "Caspi, Israel"]
[Result "0-1"]
[Board "226"]
[TimeControl "180+1"]
[WhiteFideId "2118050"]
[BlackFideId "2807394"]
[WhiteElo "2343"]
[BlackElo "2634"]
[WhiteTeam "BRA"]
[BlackTeam "ISR"]
[WhiteClock "0:00:06"]
[BlackClock "0:00:07"]

1. d4 f5 2. g3 Nf6 3. Bg2 g6 4. b3 Bg7 5. Bb2 O-O 6. Nd2 c6 7. c4 d5 8. Ngf3 Ne4 9. O-O Be6 10. Qc2 a5 11. Rad1 a4 12. Ne5 Qa5 13. f3 Nxd2 14. Qxd2 Qxd2 15. Rxd2 Bxe5 16. cxd5 Bxd5 17. dxe5 axb3 18. axb3 Bxb3 19. e4 fxe4 20. fxe4 Rxf1+ 21. Bxf1 Na6 22. Rd7 Nc5 23. Rxe7 b5 24. e6 Nxe6 25. Bh3 Ra2 26. Bf6 Nc5 27. Bd4 Rc2 28. e5 Bd5 29. e6 Kf8 30. Rf7+ Ke8 31. Bxc5 Rxc5 32. Rxh7 b4 33. Rh8+ Ke7 34. Rh7+ Ke8 35. Rh8+ Ke7 36. Rh7+ Kf8 37. Rh8+ Kg7 38. e7 Bf7 39. Rf8 Re5 40. Rc8 c5 41. Bf1 b3 42. Rb8 c4 43. e8=Q Rxe8 44. Rxe8 Bxe8 45. Bxc4 b2 46. Ba2 g5 47. Kf2 Kf6 48. Kf3 Bd7 49. g4 Be6 50. Bb1 Bf7 51. Kg3 Bg6 52. Ba2 Ke5 53. h4 gxh4+ 54. Kxh4 Kf4 55. g5 Kf3 56. Kh3 Kf4 57. Kg2 Kxg5 58. Kf2 Kf4 59. Ke2 Ke4 60. Kd2 Kd4 61. Kd1 Bd3 62. Kd2 Be4 63. Kd1 Kc3 64. Ke1 Bc2 65. Ke2 Kb4 66. Kd2 Ka3 0-1

[Event "January 9 Early 2024"]
[Site "https://www.chess.com"]
[Date "2024.01.11"]
[Round "8"]
[White "Ronka, Erik"]
[Black "Rozman, Levy"]
[Result "1/2-1/2"]
[Board "227"]
[TimeControl "180+1"]
[WhiteFideId "505080"]
[BlackFideId "2039877"]
[WhiteElo "2523"]
[BlackElo "2643"]
[WhiteTeam "FIN"]
[BlackTeam "USA"]
[WhiteClock "0:00:02"]
[BlackClock "0:00:05"]

1. e4 e6 2. d4 d5 3. Nc3 dxe4 4. Nxe4 Nf6 5. Bd3 Nc6 6. Nf3 b6 7. c3 Bb7 8. Qe2 Be7 9. Bd2 Qd7 10. Ng3 O-O-O 11. O-O h5 12. h4 Bd6 13. Ne4 Nxe4 14. Bxe4 f6 15. b4 g5 16. hxg5 f5 17. Bd3 h4 18. Rfe1 Rde8 19. Ba6 h3 20. Bxb7+ Kxb7 21. g3 f4 22. Bxf4 Bxf4 23. gxf4 h2+ 24. Kh1 Kb8 25. Qe4 a5 26. b5 Ne7 27. a4 Qd6 28. Ne5 Rh4 29. c4 Rf8 30. c5 Qd8 31. Nc6+ Nxc6 32. Qxc6 Qxd4 33. Rad1 Qxf2 34. cxb6 Qxb6 35. Qxb6+ cxb6 36. Rxe6 Rhxf4 37. Rxb6+ Ka7 38. Ra6+ Kb7 39. Rc1 Rh4 40. Rac6 Rf7 41. R6c4 Rh5 42. Rc5 Rg7 43. R1c2 Rhxg5 44. Rxg5 Rxg5 45. Kxh2 Rg4 46. Ra2 Kb6 47. Kh3 Rg8 48. Rc2 Rg6 49. Rg2 Rh6+ 50. Kg3 Rf6 51. Rf2 Rd6 52. Kf3 Rd3+ 53. Ke4 Ra3 54. Rf6+ Kc5 55. Rf5+ Kb4 56. Kd5 Kxa4 57. Kc6 Rc3+ 58. Rc5 Rb3 59. b6 Rb2 60. b7 Rb1 61. Kc7 Rb2 62. Rc6 Rxb7+ 63. Kxb7 Kb3 64. Kb6 a4 65. Rh6 a3 66. Rh3+ Kb2 67. Kb5 a2 68. Rh2+ Kb1 69. Rh1+ Kb2 70. Rh2+ Kb1 71. Rh1+ Kb2 72. Rh2+ 1/2-1/2

[Event "January 9 Early 2024"]
[Site "https://www.chess.com"]
[Date "2024.01.11"]
[Round "8"]
[White "Espinoza Villanueva, Rodrigo"]
[Black "Herman, Daniel"]
[Result "1-0"]
[Board "228"]
[TimeControl "180+1"]
[WhiteFideId "5140188"]
[BlackFideId "30935008"]
[WhiteElo "2594"]
[BlackElo "2428"]
[WhiteTeam "MEX"]
[BlackTeam "USA"]
[WhiteClock "0:00:04"]
[BlackClock "0:00:03"]

1. b3 e5 2. Bb2 Nc6 3. e3 Nf6 4. Na3 d5 5. Bb5 e4 6. c4 a6 7. Bxc6+ bxc6 8. Ne2 Bd6 9. Rc1 O-O 10. Ng3 Ng4 11. Qe2 Qh4 12. Nc2 f5 13. c5 Be5 14. Bxe5 Nxe5 15. O-O Nd3 16. Nd4 Nxc1 17. Rxc1 Bd7 18. f4 exf3 19. Nxf3 Qe7 20. Qd3 f4 21. exf4 Rxf4 22. Qc3 Re8 23. h3 Qf6 24. d4 Qg6 25. Ne5 Rxe5 26. dxe5 h5 27. Rf1 Rxf1+ 28. Nxf1 Qe4 29. Qg3 h4 30. Qg5 Be6 31. Kh2 d4 32. Nd2 Qe3 33. Qd8+ Kf7 34. Qxc7+ Kg6 35. Qxc6 Qxe5+ 36. Kg1 Qe3+ 37. Kf1 Kf7 38. Qf3+ Ke7 39. Qxe3 dxe3 40. Nf3 Kd7 41. Ke2 Kc6 42. Kxe3 Kxc5 43. Nxh4 Kb4 44. Nf3 Ka3 45. Nd4 Bd7 46. g4 Kxa2 47. Kf4 Ka3 48. g5 Kb4 49. h4 Kc3 50. Ke5 g6 51. Kd5 Kb4 52. Nf3 Kxb3 53. Ne5 Be8 54. Ke6 a5 55. Ke7 Bb5 56. Nxg6 a4 57. h5 a3 58. h6 a2 59. h7 a1=Q 60. h8=Q Qxh8 61. Nxh8 Bd3 62. Nf7 Kc4 63. Kf6 Kd5 64. Nh6 Be4 65. Nf5 Kc6 66. g6 Kc7 67. g7 Bd5 68. Ne7 Bc4 69. Ng6 Kd7 70. Nf8+ Ke8 71. Ne6 Kd7 72. g8=Q 1-0

[Event "January 9 Early 2024"]
[Site "https://www.chess.com"]
[Date "2024.01.11"]
[Round "8"]
[White "Cori T., Deysi"]
[Black "Nord, Alexander"]
[Result "1/2-1/2"]
[Board "229"]
[TimeControl "180+1"]
[WhiteFideId "3801934"]
[BlackFideId "1738135"]
[WhiteElo "2552"]
[BlackElo "2347"]
[WhiteTeam "PER"]
[BlackTeam "SWE"]
[WhiteClock "0:00:01"]
[BlackClock "0:00:04"]

1. d4 Nf6 2. Nf3 e6 3. c4 b6 4. g3 Bb7 5. Bg2 Be7 6. O-O O-O 7. Nc3 Ne4 8. Qc2 Nxc3 9. Qxc3 d6 10. Rd1 Nd7 11. b4 Bf6 12. Bb2 c5 13. bxc5 bxc5 14. e3 Qc7 15. Rac1 Rab8 16. Qd2 Be4 17. Bc3 cxd4 18. Bxd4 Bxd4 19. Qxd4 Bxf3 20. Bxf3 Rb6 21. h4 Rc8 22. Rc2 Ne5 23. Bg2 h6 24. Rdc1 Qc5 25. Be4 Kf8 26. Qd2 Rc7 27. Kg2 Rb4 28. f4 Nxc4 29. Rxc4 Rxc4 30. Rxc4 Qxc4 31. Qxd6+ Ke8 32. Bf3 a5 33. Qe5 Kf8 34. Qxa5 g6 35. h5 gxh5 36. Bxh5 Qc2+ 37. Kh3 Qc5 38. Qxc5+ Rxc5 39. Bd1 Rc3 40. e4 Re3 41. e5 Rd3 42. Bb3 Rd2 43. Kg4 Kg7 44. Bc4 Rb2 45. a4 Rb1 46. a5 Ra1 47. a6 Kf8 48. Kh5 Kg7 49. Kg4 Kf8 50. Bd3 Ra3 51. Be2 Kg7 52. Kh4 Kg6 53. Bh5+ Kf5 54. Bxf7 Rxa6 55. Kh5 Ra1 56. Kxh6 Rh1+ 57. Kg7 Rg1 58. Bg6+ Kg4 59. Kf6 Kxg3 60. f5 exf5 61. Bxf5 Re1 62. e6 Rxe6+ 63. Kxe6 1/2-1/2

[Event "January 9 Early 2024"]
[Site "https://www.chess.com"]
[Date "2024.01.11"]
[Round "8"]
[White "Drygalov, Sergey"]
[Black "Kobalia, Mikhail"]
[Result "1/2-1/2"]
[Board "230"]
[TimeControl "180+1"]
[WhiteFideId "24171743"]
[BlackFideId "4119150"]
[WhiteElo "2945"]
[BlackElo "2804"]
[WhiteTeam "RUS"]
[BlackTeam "FID"]
[WhiteClock "0:00:04"]
[BlackClock "0:00:06"]

1. d4 d5 2. c4 c6 3. Nf3 Nf6 4. Nc3 e6 5. e3 a6 6. Bd3 dxc4 7. Bxc4 b5 8. Bd3 c5 9. a4 b4 10. Ne4 Nbd7 11. a5 Bb7 12. Nxf6+ Qxf6 13. e4 cxd4 14. Bg5 Qg6 15. Qa4 Bd6 16. O-O e5 17. Rac1 Bxe4 18. Bxe4 Qxe4 19. Nxd4 Qg4 20. Qc6 O-O 21. Qxd6 exd4 22. Bd2 Nf6 23. h3 Qf5 24. Qxd4 Rfd8 25. Qxb4 Rab8 26. Qf4 Qxf4 27. Bxf4 Rxb2 28. Rc6 Ra2 29. Rxa6 h6 30. Re1 Rd5 31. Ra8+ Kh7 32. Bc7 Rdd2 33. Bb6 Nd5 34. Bc5 Rac2 35. Rc8 Rc4 36. a6 Ra2 37. a7 Rxa7 38. Bxa7 Rxc8 39. Rd1 Nf6 40. Be3 Kg6 41. Rd6 Kf5 42. Bd4 Ne4 43. Ra6 f6 44. Kh2 Ng5 45. Be3 Kg6 46. h4 Nf7 47. g4 h5 48. gxh5+ Kxh5 49. Kg3 Nh6 50. Ra5+ Kg6 51. h5+ Kh7 52. Bf4 Rc3+ 53. Be3 Rc4 54. Bf4 Rd4 55. Be3 Rb4 56. Bf4 Re4 57. Be3 Rc4 58. Bf4 Rb4 59. Be3 Rb1 60. Kg2 Ng4 61. Bf4 Rb2 62. Bg3 Nh6 63. Bf4 Rc2 64. Kf3 Rc3+ 65. Be3 Rc4 66. Bf4 Rb4 67. Kg3 Rb3+ 68. Be3 Rc3 69. Kf3 Rc4 70. Bf4 Rc3+ 71. Be3 1/2-1/2

[Event "January 9 Early 2024"]
[Site "https://www.chess.com"]
[Date "2024.01.11"]
[Round "8"]
[White "Chu, Wei Chao"]
[Black "Klukin, Kirill"]
[Result "0-1"]
[Board "231"]
[TimeControl "180+1"]
[WhiteFideId "8605661"]
[BlackFideId "24199273"]
[WhiteElo "2619"]
[BlackElo "2832"]
[WhiteTeam "CHN"]
[BlackTeam "RUS"]
[WhiteClock "0:00:09"]
[BlackClock "0:00:09"]

1. d4 Nf6 2. c4 g6 3. Nc3 Bg7 4. e4 O-O 5. Be2 d6 6. Be3 Na6 7. Nf3 e5 8. d5 Nh5 9. O-O Nf4 10. Bxf4 exf4 11. Qd2 g5 12. Nd4 Qf6 13. Rad1 Qxd4 14. Qxd4 Bxd4 15. Rxd4 f5 16. Bh5 Bd7 17. Re1 Be8 18. Bd1 Bg6 19. e5 dxe5 20. Rxe5 Rae8 21. Rxe8 Rxe8 22. Kf1 Nc5 23. Nb5 Rc8 24. b4 Ne4 25. f3 Nd6 26. Nc3 Kf7 27. c5 Ne8 28. Bb3 Kf6 29. Ke2 Bf7 30. Kd2 a6 31. a4 Rd8 32. a5 Ke5 33. Ne2 Bxd5 34. Kc3 Nf6 35. Nc1 Rd7 36. Nd3+ Ke6 37. c6 bxc6 38. Nc5+ Kd6 39. Nxd7 Nxd7 40. Bc2 Ke5 41. Rd1 c5 42. Re1+ Kd6 43. Bd3 cxb4+ 44. Kxb4 Nc5 45. Bxf5 h6 46. Rd1 c6 47. Be4 Ne6 48. Bxd5 cxd5 49. Rb1 Nc7 50. Kc3 Kc5 51. Rb6 h5 52. Kd3 h4 53. h3 Nb5 54. Rxa6 Nd6 55. Rb6 Nc4 56. Rg6 Ne5+ 57. Kc3 Nxg6 58. a6 Kb6 59. Kd4 Ne7 60. Ke5 Kxa6 61. Kf6 d4 62. Kxe7 d3 63. Kf6 d2 64. Kxg5 d1=Q 65. Kxf4 Qe2 66. Kg4 Qxg2+ 67. Kxh4 Qxf3 68. Kg5 Qxh3 69. Kg6 Qd7 0-1

[Event "January 9 Early 2024"]
[Site "https://www.chess.com"]
[Date "2024.01.11"]
[Round "8"]
[White "Hungaski, Robert"]
[Black "Panda Sambit"]
[Result "0-1"]
[Board "232"]
[TimeControl "180+1"]
[WhiteFideId "2021030"]
[BlackFideId "25091794"]
[WhiteElo "2454"]
[BlackElo "2578"]
[WhiteTeam "USA"]
[BlackTeam "IND"]
[WhiteClock "0:00:02"]
[BlackClock "0:00:06"]

1. e4 c6 2. d4 d5 3. exd5 cxd5 4. Bd3 Nf6 5. c3 Nc6 6. Bf4 g6 7. Nf3 Bg7 8. O-O O-O 9. Re1 Bf5 10. Be2 Ne4 11. Qc1 Rc8 12. Bh6 Qb6 13. Bxg7 Kxg7 14. Nbd2 f6 15. Nb3 e5 16. Qe3 a5 17. dxe5 Qxe3 18. exf6+ Rxf6 19. fxe3 Re8 20. Nbd4 Bd7 21. Rad1 Nd6 22. Bd3 Rf7 23. Re2 Rfe7 24. Rde1 Bg4 25. Nxc6 bxc6 26. h3 Bf5 27. Bxf5 Nxf5 28. Nd4 Nxd4 29. cxd4 Kf6 30. Rc1 Rxe3 31. Rxc6+ Kf5 32. Rf2+ Ke4 33. Ra6 Kxd4 34. Rxa5 Ke4 35. b4 d4 36. b5 d3 37. Ra4+ Kd5 38. Rd2 Kc5 39. b6 Re1+ 40. Kh2 Kxb6 41. Rxd3 R1e2 42. Rb3+ Kc5 43. Rg3 Rb2 44. Ra5+ Kb6 45. Ra4 Kc5 46. Ra7 Rh8 47. a4 Ra2 48. a5 Kb5 49. Rg5+ Kb4 50. Rb7+ Kc4 51. Rc7+ Kb4 52. Rb7+ Kc4 53. Rb6 Rd8 54. a6 Ra8 55. Rc6+ Kd4 56. Rc7 R2xa6 57. Rxh7 Rf6 58. Rg7 Raa6 59. h4 Ke4 60. Kh3 Kf4 61. g3+ Kf3 62. Rb7 Ra3 63. Rb2 Rd6 64. Rg4 Rf6 0-1

[Event "January 9 Early 2024"]
[Site "https://www.chess.com"]
[Date "2024.01.11"]
[Round "8"]
[White "Jovic, Stanoje"]
[Black "Yurasov, Matfey"]
[Result "1-0"]
[Board "233"]
[TimeControl "180+1"]
[WhiteFideId "905020"]
[BlackFideId "55617603"]
[WhiteElo "2428"]
[BlackElo "2527"]
[WhiteTeam "SRB"]
[BlackTeam "FID"]
[WhiteClock "0:00:07"]
[BlackClock "0:00:01"]

1. c4 c6 2. e4 d5 3. exd5 cxd5 4. cxd5 Nf6 5. Qa4+ Nbd7 6. Bc4 g6 7. d3 Bg7 8. Nc3 O-O 9. Nf3 Nb6 10. Qb3 e6 11. dxe6 Bxe6 12. Bxe6 Re8 13. Ng5 fxe6 14. O-O Qd7 15. Re1 Nfd5 16. Nxd5 Nxd5 17. Bd2 Rac8 18. h3 b6 19. Re2 h6 20. Ne4 Kh7 21. Rae1 Ne7 22. h4 Nf5 23. h5 Nd4 24. hxg6+ Kh8 25. Qd1 Nxe2+ 26. Qxe2 Qe7 27. Qh5 Qf8 28. Ng5 Qf5 29. g4 Qxd3 30. Nf7+ Kg8 31. Nxh6+ Bxh6 32. Qxh6 Rc7 33. Bc3 e5 34. Rxe5 Qd1+ 35. Kh2 Qd6 36. Qf4 Rf8 37. Qe3 Re7 38. f4 Rxe5 39. Bxe5 Qxg6 40. Kg3 Re8 41. Qb3+ Qf7 42. Qd3 Qe6 43. g5 Rc8 44. Qb3 Qxb3+ 45. axb3 Re8 46. Kg4 Kf7 47. Kf5 Rg8 48. b4 a5 49. b5 Ke7 50. Bd4 Rd8 51. Bxb6 Rd5+ 52. Kg6 Rxb5 53. Bd4 Ke6 54. Be5 Rb7 55. Bf6 Rb5 56. Bc3 Rb7 57. Bxa5 Rb5 58. Bc3 Rf5 59. Be5 Rf8 60. b4 Rg8+ 61. Kh7 Kf7 62. b5 Rg6 63. Bf6 Rg8 64. b6 Rc8 65. Be5 Rc2 66. g6+ Ke6 67. g7 Rh2+ 68. Kg6 Rg2+ 69. Kh6 1-0

[Event "January 9 Early 2024"]
[Site "https://www.chess.com"]
[Date "2024.01.11"]
[Round "8"]
[White "Garbarino, Rodolfo"]
[Black "Parpiev, Isaak"]
[Result "1-0"]
[Board "234"]
[TimeControl "180+1"]
[WhiteFideId "100412"]
[BlackFideId "34281576"]
[WhiteElo "2380"]
[BlackElo "2635"]
[WhiteTeam "ARG"]
[BlackTeam "RUS"]
[WhiteClock "0:00:09"]
[BlackClock "0:00:05"]

1. e4 e5 2. Nc3 Nc6 3. Bc4 Nf6 4. d3 Bc5 5. f4 d6 6. Nf3 Ng4 7. Ng5 Rf8 8. f5 Nf6 9. g4 h6 10. Nxf7 Rxf7 11. Bxf7+ Kxf7 12. g5 hxg5 13. Bxg5 Qh8 14. Qd2 Qh5 15. Ne2 Nd4 16. Nxd4 Bxd4 17. c3 Bb6 18. Qg2 Ng4 19. h4 Nf2 20. Kd2 Nxh1 21. Rxh1 Bd7 22. Rh3 Rg8 23. Rg3 c6 24. Rg4 a5 25. a4 Bc7 26. Be3 Bd8 27. Rg6 Bf6 28. Bg5 Bxg5+ 29. hxg5 Rh8 30. Rxd6 Ke7 31. Rg6 Rh7 32. f6+ Kf7 33. Rxg7+ Rxg7 34. fxg7 Kxg7 35. Qg3 Qe8 36. Qh4 Qg6 37. Qg3 Qe6 38. Qh4 Qh3 39. Qf2 Qe6 40. Qb6 Bc8 41. Qc7+ Kg6 42. Qd8 Qd7 43. Qf6+ Kh7 44. g6+ Kh6 45. g7+ Kh7 46. Qf8 Qg4 47. Kc2 Qxg7 48. Qxc8 Qg2+ 49. Kb3 Qd2 50. Qxb7+ Kh8 51. Qc8+ Kh7 52. Qd7+ Kg8 53. Qd8+ Kh7 54. Qd6 Qd1+ 55. Ka2 Qxa4+ 56. Qa3 Qb5 57. Qe7+ Kg6 58. Qe6+ Kg7 59. Qf5 Kg8 60. Qg6+ Kf8 61. Qf6+ Kg8 62. Qg6+ Kf8 63. Qd6+ Kg8 64. d4 Qa4+ 65. Kb1 Qd1+ 66. Ka2 Qa4+ 67. Qa3 Qc4+ 68. Qb3 Qxb3+ 69. Kxb3 Kf7 70. Ka4 1-0